| TOP OF THE 1ST |
|
Durham Bulls batting - Pitching for Pawtucket Red Sox : RHP Adam Thomas
|
|
Pitching: RHP Adam Thomas
|
|
|
Batting: LHB Jake Rheaume
|
0-0: Foul Ball, location: 2F 0-1: Ball 1-1: Fly out, F8 (Flyball, 8LM, EV 93.8 MPH)
|
|
Batting: LHB Mario Ocana
|
0-0: Ground out 4-3 (Groundball, 4, EV 95.6 MPH)
|
|
Batting: LHB Davion Lewis
|
0-0: Ball 1-0: Ball 2-0: Ball 3-0: Called Strike 3-1: Foul Ball, location: 2F 3-2: Foul Ball, location: 2F 3-2: Base on Balls
|
|
Batting: RHB Dermott Kennelly
|
0-0: Ball 1-0: Ground out 4-3 (Groundball, 4, EV 106.9 MPH)
|
| Top of the 1st over - 0 runs, 0 hits, 0 errors, 1 left on base; Durham 0 - Pawtucket 0 |
| BOTTOM OF THE 1ST |
|
Pawtucket Red Sox batting - Pitching for Durham Bulls : RHP Scott Shank
|
|
Pitching: RHP Scott Shank
|
|
|
Batting: SHB Gus Cruz
|
0-0: Swinging Strike 0-1: Swinging Strike 0-2: Ball 1-2: Ground out 4-3 (Groundball, 4S, EV 88.8 MPH)
|
|
Batting: LHB Jarrett Mordecai
|
0-0: Ball 1-0: Ball 2-0: Ball 3-0: Called Strike 3-1: SINGLE (Flyball, 5D, EV 90.6 MPH)
|
|
Batting: LHB Mike Mentzer
|
0-0: Ball 1-0: Ball 2-0: Ball 3-0: Called Strike 3-1: Called Strike 3-2: Base on Balls Jarrett Mordecai to second
|
|
Batting: RHB Adriaan Boessenkool
|
0-0: Called Strike 0-1: Grounds into double play, 4-6-3 (Groundball, 4M, EV 83.1 MPH)
|
| Bottom of the 1st over - 0 runs, 1 hit, 0 errors, 1 left on base; Durham 0 - Pawtucket 0 |
| TOP OF THE 2ND |
|
Durham Bulls batting - Pitching for Pawtucket Red Sox : RHP Adam Thomas
|
|
Batting: RHB Paul Landes
|
0-0: Ball 1-0: Ball 2-0: SOLO HOME RUN (Flyball, 78XD, EV 99.4 MPH), Distance : 402 ft
|
|
Batting: LHB Angel Ruvalcaba
|
0-0: Ground out 4-3 (Groundball, 4, EV 103.8 MPH)
|
|
Batting: LHB Danny Hull
|
0-0: Fly out, F8 (Flyball, 8LXD, EV 104.4 MPH)
|
|
Batting: RHB Jesse Haddad
|
0-0: Reached on error, E4 (Groundball, 4, EV 88.1 MPH)
|
|
Batting: RHB Devin Brown
|
0-0: Ball 1-0: Swinging Strike 1-1: Swinging Strike 1-2: Ball 2-2: Strikes out swinging
|
| Top of the 2nd over - 1 run, 1 hit, 1 error, 1 left on base; Durham 1 - Pawtucket 0 |
| BOTTOM OF THE 2ND |
|
Pawtucket Red Sox batting - Pitching for Durham Bulls : RHP Scott Shank
|
|
Batting: RHB Eric Garrett
|
0-0: Ball 1-0: Ball 2-0: Ball 3-0: Base on Balls
|
|
Batting: RHB Ernie Genier
|
0-0: Called Strike Eric Garrett is caught stealing 2nd base 2-4 0-1: Swinging Strike 0-2: Ball 1-2: Ball 2-2: Ball 3-2: Ground out 5-3 (Groundball, 56S, EV 63.8 MPH)
|
|
Batting: RHB Brandon Perris
|
0-0: Ball 1-0: Ball 2-0: Ball 3-0: Base on Balls
|
|
Batting: RHB Neil Mautone
|
0-0: Ball 1-0: Called Strike 1-1: Ground out 6-3 (Groundball, 6S, EV 67.5 MPH)
|
| Bottom of the 2nd over - 0 runs, 0 hits, 0 errors, 1 left on base; Durham 1 - Pawtucket 0 |
| TOP OF THE 3RD |
|
Durham Bulls batting - Pitching for Pawtucket Red Sox : RHP Adam Thomas
|
|
Batting: LHB Jake Rheaume
|
0-0: Ball 1-0: Ground out U3 (Groundball, 23, EV 86.2 MPH)
|
|
Batting: LHB Mario Ocana
|
0-0: Called Strike 0-1: Ground out 4-3 (Groundball, 4D, EV 89.4 MPH)
|
|
Batting: LHB Davion Lewis
|
0-0: Ball 1-0: Ball 2-0: Ball 3-0: Base on Balls
|
|
Batting: RHB Dermott Kennelly
|
0-0: Ball 1-0: Ball Davion Lewis steals 2nd base 2-0: Called Strike 2-1: Fly out, F8 (Flyball, 8LD, EV 80.0 MPH)
|
| Top of the 3rd over - 0 runs, 0 hits, 0 errors, 1 left on base; Durham 1 - Pawtucket 0 |
| BOTTOM OF THE 3RD |
|
Pawtucket Red Sox batting - Pitching for Durham Bulls : RHP Scott Shank
|
|
Batting: RHB Joe Evrard
|
0-0: Ball 1-0: Foul Ball, location: 2F 1-1: Foul Ball, location: 2F 1-2: Ball 2-2: Strikes out swinging
|
|
Batting: SHB Gus Cruz
|
0-0: Ball 1-0: Called Strike 1-1: Ground out 4-3 (Groundball, 4D, EV 103.1 MPH)
|
|
Batting: LHB Jarrett Mordecai
|
0-0: Called Strike 0-1: Called Strike 0-2: Ball 1-2: Foul Ball, location: 2F 1-2: Ball 2-2: Strikes out swinging
|
| Bottom of the 3rd over - 0 runs, 0 hits, 0 errors, 0 left on base; Durham 1 - Pawtucket 0 |
| TOP OF THE 4TH |
|
Durham Bulls batting - Pitching for Pawtucket Red Sox : RHP Adam Thomas
|
|
Batting: RHB Paul Landes
|
0-0: Ball 1-0: Ball 2-0: Ground out 4-3 (Groundball, 6M, EV 105.0 MPH)
|
|
Batting: LHB Angel Ruvalcaba
|
0-0: Ball 1-0: Ground out 4-3 (Groundball, 4, EV 83.1 MPH)
|
|
Batting: LHB Danny Hull
|
0-0: Called Strike 0-1: Foul Ball, location: 2F 0-2: Ball 1-2: Ball 2-2: Ball 3-2: Fly out, F9 (Line Drive, 9LM, EV 100.6 MPH)
|
| Top of the 4th over - 0 runs, 0 hits, 0 errors, 0 left on base; Durham 1 - Pawtucket 0 |
| BOTTOM OF THE 4TH |
|
Pawtucket Red Sox batting - Pitching for Durham Bulls : RHP Scott Shank
|
|
Batting: LHB Mike Mentzer
|
0-0: Ball 1-0: Foul Ball, location: 2F 1-1: Foul Ball, location: 2F 1-2: Ground out 3-1 (Groundball, 34S, EV 86.2 MPH)
|
|
Batting: RHB Adriaan Boessenkool
|
0-0: Ball 1-0: Called Strike 1-1: Ball 2-1: Ball 3-1: SOLO HOME RUN (Flyball, 7D, EV 95.6 MPH), Distance : 376 ft
|
|
Batting: RHB Eric Garrett
|
0-0: Ground out 4-3 (Groundball, 4, EV 104.4 MPH)
|
|
Batting: RHB Ernie Genier
|
0-0: Foul Ball, location: 2F 0-1: Ball 1-1: SINGLE (Groundball, 34D, EV 103.1 MPH)
|
|
Batting: RHB Brandon Perris
|
0-0: Ball 1-0: Ball 2-0: Ball 3-0: Base on Balls Ernie Genier to second
|
|
Batting: RHB Neil Mautone
|
0-0: Called Strike 0-1: Called Strike 0-2: Foul Ball, location: 2F 0-2: Ball 1-2: Strikes out looking
|
| Bottom of the 4th over - 1 run, 2 hits, 0 errors, 2 left on base; Durham 1 - Pawtucket 1 |
| TOP OF THE 5TH |
|
Durham Bulls batting - Pitching for Pawtucket Red Sox : RHP Adam Thomas
|
|
Batting: RHB Jesse Haddad
|
0-0: Called Strike 0-1: Foul Ball, location: 2F 0-2: Ball 1-2: Foul Ball, location: 2F 1-2: Strikes out looking
|
|
Batting: RHB Devin Brown
|
0-0: Fly out, F7 (Flyball, 7D, EV 90.0 MPH)
|
|
Batting: LHB Jake Rheaume
|
0-0: Ball 1-0: Swinging Strike 1-1: Foul Ball, location: 2F 1-2: Ball 2-2: Ball 3-2: Strikes out swinging
|
| Top of the 5th over - 0 runs, 0 hits, 0 errors, 0 left on base; Durham 1 - Pawtucket 1 |
| BOTTOM OF THE 5TH |
|
Pawtucket Red Sox batting - Pitching for Durham Bulls : RHP Scott Shank
|
|
Batting: RHB Joe Evrard
|
0-0: Called Strike 0-1: Called Strike 0-2: Ball 1-2: Fly out, F7 (Flyball, 7D, EV 101.2 MPH)
|
|
Batting: SHB Gus Cruz
|
0-0: Called Strike 0-1: Foul Ball, location: 2F 0-2: Ball 1-2: Fly out, F6 (Popup, P, EV 87.5 MPH)
|
|
Batting: LHB Jarrett Mordecai
|
0-0: Foul Ball, location: 2F 0-1: Foul Ball, location: 2F 0-2: Ground out 4-3 (Groundball, 4, EV 91.2 MPH)
|
| Bottom of the 5th over - 0 runs, 0 hits, 0 errors, 0 left on base; Durham 1 - Pawtucket 1 |
| TOP OF THE 6TH |
|
Durham Bulls batting - Pitching for Pawtucket Red Sox : RHP Adam Thomas
|
|
Batting: LHB Mario Ocana
|
0-0: Ball 1-0: Ball 2-0: Ball 3-0: Called Strike 3-1: Foul Ball, location: 2F 3-2: Strikes out swinging
|
|
Batting: LHB Davion Lewis
|
0-0: Ball 1-0: Fly out, F4 (Popup, 34, EV 63.8 MPH)
|
|
Batting: RHB Dermott Kennelly
|
0-0: Foul Ball, location: 2F 0-1: Ball 1-1: Ground out 4-3 (Groundball, 4, EV 76.9 MPH)
|
| Top of the 6th over - 0 runs, 0 hits, 0 errors, 0 left on base; Durham 1 - Pawtucket 1 |
| BOTTOM OF THE 6TH |
|
Pawtucket Red Sox batting - Pitching for Durham Bulls : RHP Scott Shank
|
|
Batting: LHB Mike Mentzer
|
0-0: Ball 1-0: Called Strike 1-1: Foul Ball, location: 2F 1-2: Strikes out looking
|
|
Batting: RHB Adriaan Boessenkool
|
0-0: Ball 1-0: Ball 2-0: Called Strike 2-1: Ball 3-1: Base on Balls
|
|
Batting: RHB Eric Garrett
|
0-0: Called Strike 0-1: Fly out, F8 (Flyball, 8RXD, EV 84.4 MPH)
|
|
Batting: RHB Ernie Genier
|
0-0: Called Strike 0-1: Called Strike 0-2: Foul Ball, location: 2F 0-2: SINGLE (Line Drive, 6D, EV 95.0 MPH) Adriaan Boessenkool to second Runner from 2nd tries for 3rd, SAFE, no throw by CF
|
|
Batting: RHB Brandon Perris
|
0-0: Foul Ball, location: 2F 0-1: Swinging Strike 0-2: Ball 1-2: Ball 2-2: Ground out 4-3 (Groundball, 4S, EV 83.8 MPH)
|
| Bottom of the 6th over - 0 runs, 1 hit, 0 errors, 2 left on base; Durham 1 - Pawtucket 1 |
| TOP OF THE 7TH |
|
Durham Bulls batting - Pitching for Pawtucket Red Sox : RHP Adam Thomas
|
|
Batting: RHB Paul Landes
|
0-0: Called Strike 0-1: Ball 1-1: Ball 2-1: SOLO HOME RUN (Flyball, 7LD, EV 95.6 MPH), Distance : 356 ft
|
|
Batting: LHB Angel Ruvalcaba
|
0-0: Called Strike 0-1: Ball 1-1: Called Strike 1-2: Ball 2-2: Ball 3-2: Fly out, F6 (Line Drive, 6M, EV 72.5 MPH)
|
|
Batting: LHB Danny Hull
|
0-0: Foul Ball, location: 2F 0-1: Fly out, F8 (Line Drive, 8LM, EV 91.2 MPH)
|
|
Batting: RHB Jesse Haddad
|
0-0: Ball 1-0: Called Strike 1-1: Ball 2-1: Ground out U3 (Groundball, 34, EV 106.9 MPH)
|
| Top of the 7th over - 1 run, 1 hit, 0 errors, 0 left on base; Durham 2 - Pawtucket 1 |
| BOTTOM OF THE 7TH |
|
Pawtucket Red Sox batting - Pitching for Durham Bulls : RHP Scott Shank
|
|
Batting: RHB Neil Mautone
|
0-0: Called Strike 0-1: Ball 1-1: Ball 2-1: Foul Ball, location: 2F 2-2: DOUBLE (Line Drive, 7LM, EV 108.8 MPH)
|
|
Batting: RHB Joe Evrard
|
0-0: Ball 1-0: Ball 2-0: Called Strike 2-1: Foul Ball, location: 2F 2-2: Foul Ball, location: 2F 2-2: Ball 3-2: Ground out U3 (Groundball, 3L, EV 83.8 MPH) Neil Mautone to third
|
|
Pitching: RHP Justin Stone
|
|
|
Batting: SHB Gus Cruz
|
0-0: Swinging Strike 0-1: Ball 1-1: Ball 2-1: SINGLE (Line Drive, 6MD, EV 95.6 MPH) Neil Mautone scores
|
|
Batting: LHB Jarrett Mordecai
|
0-0: Ball 1-0: Called Strike 1-1: Swinging Strike 1-2: Strikes out looking
|
|
Batting: LHB Mike Mentzer
|
0-0: Called Strike 0-1: Called Strike Gus Cruz steals 2nd base 0-2: Ball 1-2: Strikes out looking
|
| Bottom of the 7th over - 1 run, 2 hits, 0 errors, 1 left on base; Durham 2 - Pawtucket 2 |
| TOP OF THE 8TH |
|
Durham Bulls batting - Pitching for Pawtucket Red Sox : RHP Adam Thomas
|
|
Batting: RHB Devin Brown
|
0-0: Ball 1-0: Swinging Strike 1-1: Foul Ball, location: 2F 1-2: Foul Ball, location: 2F 1-2: Strikes out swinging
|
|
Pitching: RHP Billy Fitzgerald
|
|
|
Batting: LHB Jake Rheaume
|
0-0: Ball 1-0: Ball 2-0: Foul Ball, location: 2F 2-1: Foul Ball, location: 2F 2-2: Ground out 4-3 (Groundball, 4, EV 88.1 MPH)
|
|
Batting: LHB Mario Ocana
|
0-0: Called Strike 0-1: Ball 1-1: Swinging Strike 1-2: Fly out, F8 (Flyball, 78D, EV 73.1 MPH)
|
| Top of the 8th over - 0 runs, 0 hits, 0 errors, 0 left on base; Durham 2 - Pawtucket 2 |
| BOTTOM OF THE 8TH |
|
Pawtucket Red Sox batting - Pitching for Durham Bulls : RHP Justin Stone
|
|
Batting: RHB Adriaan Boessenkool
|
0-0: Ball 1-0: Ball 2-0: Ball 3-0: Base on Balls
|
|
Batting: RHB Eric Garrett
|
0-0: Called Strike Adriaan Boessenkool steals 2nd base (no throw) 0-1: Called Strike 0-2: Ball 1-2: Foul Ball, location: 2F 1-2: Ball 2-2: Strikes out swinging
|
|
Batting: RHB Ernie Genier
|
0-0: Called Strike 0-1: Foul Ball, location: 2F 0-2: Strikes out swinging
|
|
Batting: RHB Brandon Perris
|
0-0: Called Strike 0-1: Ball 1-1: Ball 2-1: Ball 3-1: Called Strike 3-2: Foul Ball, location: 2F 3-2: Foul Ball, location: 2F 3-2: Strikes out swinging
|
| Bottom of the 8th over - 0 runs, 0 hits, 0 errors, 1 left on base; Durham 2 - Pawtucket 2 |
| TOP OF THE 9TH |
|
Durham Bulls batting - Pitching for Pawtucket Red Sox : RHP Billy Fitzgerald
|
|
Batting: LHB Davion Lewis
|
0-0: Foul Ball, location: 2F 0-1: Called Strike 0-2: Strikes out swinging
|
|
Pinch Hitting: SHB Brett McEwen
|
0-0: Called Strike 0-1: Ball 1-1: Swinging Strike 1-2: Ball 2-2: Foul Ball, location: 2F 2-2: Foul Ball, location: 2F 2-2: Ball 3-2: Foul Ball, location: 2F 3-2: Strikes out swinging
|
|
Batting: RHB Paul Landes
|
0-0: Swinging Strike 0-1: Ball 1-1: Foul Ball, location: 2F 1-2: Ball 2-2: Strikes out swinging
|
| Top of the 9th over - 0 runs, 0 hits, 0 errors, 0 left on base; Durham 2 - Pawtucket 2 |
| BOTTOM OF THE 9TH |
|
Pawtucket Red Sox batting - Pitching for Durham Bulls : RHP Justin Stone
|
|
Pitching: RHP Miguel Romero
|
|
|
Now at C: Alex Genao
|
|
|
Batting: RHB Neil Mautone
|
0-0: Ball 1-0: SINGLE (Groundball, 4MD, EV 108.1 MPH)
|
|
Pinch Hitting: LHB Mike Jones
|
0-0: Ball 1-0: Swinging Strike 1-1: Ball 2-1: Foul Ball, location: 2F 2-2: Ball 3-2: Foul Ball, location: 2F 3-2: Strikes out swinging
|
|
Batting: SHB Gus Cruz
|
0-0: Called Strike 0-1: Called Strike 0-2: Foul Ball, location: 2F 0-2: Ball 1-2: Foul Ball, location: 2F 1-2: Ball Wild Pitch! Neil Mautone to second 2-2: Strikes out looking
|
|
Batting: LHB Jarrett Mordecai
|
0-0: Ball 1-0: Ball 2-0: Ball 3-0: Foul Ball, location: 2F 3-1: Base on Balls
|
|
Batting: LHB Mike Mentzer
|
0-0: Fielders Choice at 2nd, 6-4 (Groundball, 6, EV 103.1 MPH)
|
| Bottom of the 9th over - 0 runs, 1 hit, 0 errors, 2 left on base; Durham 2 - Pawtucket 2 |
| TOP OF THE 10TH |
|
Durham Bulls batting - Pitching for Pawtucket Red Sox : RHP Billy Fitzgerald
|
|
Pitching: RHP Jaime Dunning
|
|
|
Now at 2B: Guillermo Quintero
|
|
|
Now at SS: Gus Cruz
|
|
|
Batting: LHB Angel Ruvalcaba
|
0-0: Foul Ball, location: 2F 0-1: Ball 1-1: Foul Ball, location: 2F 1-2: Ground out 6-3 (Groundball, 6M, EV 81.2 MPH)
|
|
Batting: LHB Danny Hull
|
0-0: Ball 1-0: Swinging Strike 1-1: Foul Ball, location: 2F 1-2: Foul Ball, location: 2F 1-2: Ball 2-2: Ball 3-2: Strikes out swinging
|
|
Pinch Hitting: SHB Jose Vargas
|
0-0: Called Strike 0-1: SINGLE (Groundball, 6M, EV 102.5 MPH) (infield hit)
|
|
Batting: RHB Devin Brown
|
0-0: Ball 1-0: Called Strike 1-1: Swinging Strike 1-2: SINGLE (Line Drive, 8LS, EV 105.6 MPH) Jose Vargas to second
|
|
Batting: LHB Jake Rheaume
|
0-0: Called Strike 0-1: Swinging Strike 0-2: Ball 1-2: Ball Wild Pitch! Jose Vargas to third Devin Brown to second 2-2: Fly out, F6 (Line Drive, 6, EV 66.9 MPH)
|
| Top of the 10th over - 0 runs, 2 hits, 0 errors, 2 left on base; Durham 2 - Pawtucket 2 |
| BOTTOM OF THE 10TH |
|
Pawtucket Red Sox batting - Pitching for Durham Bulls : RHP Miguel Romero
|
|
Pitching: RHP Nelson Dawson
|
|
|
Now in RF: Brian Hollinger
|
|
|
Batting: RHB Adriaan Boessenkool
|
0-0: Called Strike 0-1: Ball 1-1: Ball 2-1: Ball 3-1: Swinging Strike 3-2: Foul Ball, location: 2F 3-2: DOUBLE (Line Drive, 78XD, EV 100.6 MPH)
|
|
Batting: RHB Eric Garrett
|
0-0: Called Strike 0-1: Called Strike 0-2: Ball 1-2: Strikes out swinging
|
|
Batting: RHB Ernie Genier
|
0-0: Ball 1-0: Foul Ball, location: 2F 1-1: Foul Ball, location: 2F 1-2: Ground out 5-3 (Groundball, 56S, EV 86.2 MPH)
|
|
Batting: RHB Brandon Perris
|
0-0: Ball 1-0: Ball 2-0: Foul Ball, location: 2F 2-1: Foul Ball, location: 2F 2-2: Foul Ball, location: 2F 2-2: Ball 3-2: Foul Ball, location: 2F 3-2: Base on Balls
|
|
Batting: RHB Neil Mautone
|
0-0: Called Strike 0-1: SINGLE (Groundball, 6MD, EV 101.9 MPH) Adriaan Boessenkool to third Brandon Perris to second Runner from 3rd tries for Home, throw by CF and OUT! 8-2
|
| Bottom of the 10th over - 0 runs, 2 hits, 0 errors, 2 left on base; Durham 2 - Pawtucket 2 |
| TOP OF THE 11TH |
|
Durham Bulls batting - Pitching for Pawtucket Red Sox : RHP Jaime Dunning
|
|
Pitching: LHP Ken Intagliata
|
|
|
Batting: LHB Mario Ocana
|
0-0: Called Strike 0-1: Ball 1-1: Fly out, F8 (Flyball, 78XD, EV 102.5 MPH)
|
|
Batting: LHB Davion Lewis
|
0-0: Ball 1-0: Ground out 6-3 (Groundball, 6M, EV 109.4 MPH)
|
|
Batting: LHB Alex Genao
|
0-0: Ball 1-0: Called Strike 1-1: Ground out 4-3 (Groundball, 34, EV 84.4 MPH)
|
| Top of the 11th over - 0 runs, 0 hits, 0 errors, 0 left on base; Durham 2 - Pawtucket 2 |
| BOTTOM OF THE 11TH |
|
Pawtucket Red Sox batting - Pitching for Durham Bulls : RHP Nelson Dawson
|
|
Pitching: RHP Bill Alicea
|
|
|
Batting: RHB Guillermo Quintero
|
0-0: Called Strike 0-1: Fly out, F9 (Flyball, 9S, EV 86.2 MPH)
|
|
Batting: SHB Gus Cruz
|
0-0: SINGLE (Groundball, 34D, EV 96.2 MPH)
|
|
Batting: LHB Jarrett Mordecai
|
0-0: Ball 1-0: Ball Gus Cruz steals 2nd base 2-0: Ball 3-0: Base on Balls
|
|
Batting: LHB Mike Mentzer
|
0-0: Ball 1-0: Called Strike 1-1: Ball 2-1: Called Strike 2-2: Ball 3-2: SINGLE (Groundball, 34D, EV 102.5 MPH) Gus Cruz to third Jarrett Mordecai to second Runner from 3rd tries for Home, throw by RF and OUT! 9-2
|
|
Batting: RHB Adriaan Boessenkool
|
0-0: Fly out, F4 (Popup, 13, EV 88.8 MPH)
|
| Bottom of the 11th over - 0 runs, 2 hits, 0 errors, 2 left on base; Durham 2 - Pawtucket 2 |
| TOP OF THE 12TH |
|
Durham Bulls batting - Pitching for Pawtucket Red Sox : LHP Ken Intagliata
|
|
Batting: RHB Paul Landes
|
0-0: Ball 1-0: Foul Ball, location: 2F 1-1: Ball 2-1: Ball 3-1: Base on Balls
|
|
Batting: LHB Angel Ruvalcaba
|
0-0: Ball 1-0: Sac Bunt to 23 - play at first, batter safe! Paul Landes to second
|
|
Batting: LHB Danny Hull
|
0-0: Ball 1-0: Bunt missed! 1-1: Sac Bunt to P - play at third, runner OUT! 1-5 Angel Ruvalcaba to second
|
|
Batting: LHB Brian Hollinger
|
0-0: Ball 1-0: Fly out, F7 (Flyball, 7D, EV 100.6 MPH) Runner from 2nd tags up, SAFE at 3rd, no throw by LF
|
|
Batting: RHB Devin Brown
|
0-0: 3-RUN HOME RUN (Flyball, 9D, EV 94.4 MPH), Distance : 359 ft
|
|
Pitching: RHP Pedro Torres
|
|
|
Batting: LHB Jake Rheaume
|
0-0: Called Strike 0-1: Ball 1-1: Called Strike 1-2: Foul Ball, location: 2F 1-2: Strikes out looking
|
| Top of the 12th over - 3 runs, 2 hits, 0 errors, 0 left on base; Durham 5 - Pawtucket 2 |
| BOTTOM OF THE 12TH |
|
Pawtucket Red Sox batting - Pitching for Durham Bulls : RHP Bill Alicea
|
|
Pitching: RHP Eric Hudson
|
|
|
Batting: RHB Eric Garrett
|
0-0: Called Strike 0-1: Ball 1-1: Swinging Strike 1-2: Ball 2-2: Ball 3-2: Base on Balls
|
|
Batting: RHB Ernie Genier
|
0-0: Called Strike 0-1: Foul Ball, location: 2F 0-2: Foul Ball, location: 2F 0-2: Ball 1-2: Ball 2-2: SINGLE (Line Drive, 9LS, EV 103.8 MPH) Eric Garrett to second
|
|
Batting: RHB Brandon Perris
|
0-0: Ball 1-0: Grounds into double play, 6-4-3 (Groundball, 6, EV 86.9 MPH) Eric Garrett to third
|
|
Batting: RHB Neil Mautone
|
0-0: Called Strike 0-1: Called Strike 0-2: Strikes out swinging
|
| Bottom of the 12th over - 0 runs, 1 hit, 0 errors, 1 left on base; Durham 5 - Pawtucket 2 |
|